 Dungeon Crawl Stone Soup version 0.28.0 (webtiles) character file.

Game seed: 16143082592722844491

745 RighteousDevil the Grappler (level 7, 0/66 HPs)
             Began as a Troll Monk on Feb 18, 2022.
             Slain by a killer bee (7 damage)
             ... on level 5 of the Dungeon.
             The game lasted 00:04:03 (3656 turns).

RighteousDevil the Grappler (Troll Monk)            Turns: 3656, Time: 00:04:04

Health: 0/66       AC:  4    Str: 22    XL:     7   Next: 47%
Magic:  6/6        EV: 10    Int:  6    God:
Gold:   159        SH:  0    Dex: 12    Spells: 6/6 levels left

rFire   . . .      SeeInvis .     - Unarmed
rCold   . . .      Faith    .   (no shield)
rNeg    . . .      Spirit   .   a - +0 robe
rPois   .          Reflect  .   (helmet restricted)
rElec   .          Harm     .   (no cloak)
rCorr   .          Rampage  .   (gloves unavailable)
Will    .....                   (boots unavailable)
Stlth   ++........              (no amulet)
HPRegen 1.01/turn               (no ring)
MPRegen 0.10/turn               (no ring)

@: lethally poisoned (0 -> 0)
A: large, unfitting armour, claws 3, regeneration 1, shaggy fur 1, tough skin 1
a: no special abilities


You were on level 5 of the Dungeon.
You visited 1 branch of the dungeon, and saw 5 of its levels.

You collected 159 gold pieces.

Inventory:

Hand Weapons
 i - a +1 flail of holy wrath
Armour
 a - a +0 robe (worn)
Wands
 j - a wand of acid (15)
 k - a wand of polymorph (8)
 n - a wand of flame (10)
Scrolls
 c - a scroll of teleportation
 d - a scroll of enchant armour {unknown}
 e - a scroll of amnesia
 f - 3 scrolls of identify
 m - a scroll of blinking {unknown}
Potions
 b - a potion of lignification
 g - a potion of curing
 h - 2 potions of brilliance
 l - a potion of flight {unknown}


   Skills:
 - Level 2.4 Fighting
 - Level 2.4 Dodging
 - Level 1.0 Stealth
 + Level 8.9 Unarmed Combat


You had 6 spell levels left.
You didn't know any spells.
Your spell library contained the following spells:

 Spells                   Type           Power      Damage    Failure   Level
 Blink                    Tloc           0%         N/A       58%         2
 Lesser Beckoning         Tloc           0%         N/A       83%         3
 Manifold Assault         Tloc           0%         N/A       100%        5


Dungeon Overview and Level Annotations

Branches:
Dungeon (5/15)
 Temple: D:4-7

Altars:
Cheibriados
Gozag
Qazlal
Ru

Annotations:
D:4 3 runed translucent doors, axecop's ghost, amateur HODe


Innate Abilities, Weirdness & Mutations

You are too large for most types of armour.
You have claws for hands.
Your natural rate of healing is unusually fast.
You are covered in fur. (AC +1)
You have tough skin. (AC +1)


Message History

You are more poisoned.
The killer bee poisons you! The killer bee stings you.
You feel sick.
The killer bee stings you but does no damage. x2
You feel sick. The killer bee closely misses you. x2
You feel sick.
The killer bee stings you but does no damage.
The killer bee barely misses you.
You feel sick. The killer bee stings you.
The killer bee stings you but does no damage.
You feel sick. The killer bee stings you. The killer bee barely misses you.
You feel sick. The killer bee closely misses you.
The killer bee stings you but does no damage.
You feel better. The killer bee stings you. x2
The killer bee barely misses you. The killer bee stings you.
You are poisoned.
The killer bee poisons you!
You feel sick. The killer bee stings you.
* * * LOW HITPOINT WARNING * * *
You are more poisoned.
The killer bee poisons you! The killer bee barely misses you.
You feel very sick. The killer bee stings you.
* * * LOW HITPOINT WARNING * * *
The killer bee stings you.
* * * LOW HITPOINT WARNING * * *
You are more poisoned.
The killer bee poisons you!
You feel better. The killer bee barely misses you. The killer bee stings you!
* * * LOW HITPOINT WARNING * * *
You are poisoned.
The killer bee poisons you! The killer bee barely misses you.
The killer bee stings you.
* * * LOW HITPOINT WARNING * * *
Really quaff the potion of lignification? [Y]es or [N]o only, please.
Really quaff the potion of lignification?
Okay, then.
You feel sick. The killer bee stings you!
You die...

#.......####...........##
##.........)........†....#
#.........................
##.........####............
#...........# #............
#...........# ##.....######
##..........# #..#### #
#..........# #### #
#........@.## .
#........yy.# .
#........(..# #...........#
#...........##
##)..........#
#...........# .
#........#..# ...
......###..##..#


You could see 2 killer bees.

Vanquished Creatures
  An ogre (D:4)
  Blork the orc (D:4)
  A scorpion (D:4)
  A killer bee (D:5)
  A water moccasin skeleton (D:4)
  2 hounds
  An orc priest (D:5)
  A gnoll shaman (D:3)
  A bullfrog skeleton (D:5)
  An iguana (D:3)
  2 orc wizards (D:5)
  A hound skeleton (D:4)
  6 gnolls
  5 adders
  A worm (D:4)
  3 dart slugs
  10 orcs
  5 bats
  7 endoplasms
  3 giant cockroaches (D:1)
  10 hobgoblins
  8 jackals
  8 kobolds
  3 quokkas
  9 ball pythons
  3 frilled lizards
  5 goblins
  8 rats
108 creatures vanquished.

Notes
Turn   | Place    | Note
-------+----------+-------------------------------------------
     0 | D:1      | RighteousDevil the Troll Monk began the quest for the Orb.
     0 | D:1      | Reached XP level 1. HP: 22/22 MP: 0/0
   104 | D:1      | Found a faded altar of an unknown god.
   119 | D:1      | Reached XP level 2. HP: 17/29 MP: 1/1
   259 | D:1      | Reached skill level 4 in Unarmed Combat
   403 | D:1      | Reached XP level 3. HP: 36/36 MP: 2/2
  1611 | D:3      | Reached XP level 4. HP: 44/44 MP: 3/3
  1634 | D:3      | Reached skill level 5 in Unarmed Combat
  1771 | D:3      | Found a snail-covered altar of Cheibriados.
  1918 | D:3      | Found a sacrificial altar of Ru.
  1924 | D:3      | Found a stormy altar of Qazlal.
  2011 | D:3      | Reached XP level 5. HP: 49/50 MP: 4/4
  2248 | D:4      | Reached skill level 6 in Unarmed Combat
  2374 | D:3      | Reached XP level 6. HP: 35/59 MP: 5/5
  2580 | D:4      | Reached skill level 7 in Unarmed Combat
  2737 | D:4      | Noticed Blork the orc
  2744 | D:4      | Killed Blork the orc
  2745 | D:4      | Reached skill level 8 in Unarmed Combat
  2828 | D:4      | Reached XP level 7. HP: 66/66 MP: 6/6
  3015 | D:4      | Found a runed translucent gate.
  3016 | D:4      | Found a runed translucent gate.
  3016 | D:4      | Found a runed translucent gate.
  3017 | D:4      | Found an opulent altar of Gozag.
  3021 | D:4      | Noticed axecop's ghost (amateur HODe)
  3362 | D:5      | Entered Level 5 of the Dungeon
  3656 | D:5      | Slain by a killer bee

Illustrated notes

Levels and vault maps discovered:
D:1:      dpeg_arrival_tiny_f, layout_basic, hellmonk_ecumenical_altar_blasted
D:2:      layout_loops_ring, minmay_cupped
D:3:      layout_basic, kennysheep_slug_shrine, nicolae_overflow_hidden_temple,
          minmay_surrounded
D:4:      layout_loops_ring, ebering_ghost_gozag, uniq_blork_the_orc
D:5:      layout_cave_pods

Skill      XL: |  1  2  3  4  5  6 |
---------------+-------------------+-----
Unarmed Combat | 4 5 6 8 |  8.9
Fighting       | |  2.4
Dodging        | |  2.4
Stealth        | |  1.0

Action                   |  1- 3 |  4- 6 |  7- 9 || total
-------------------------+-------+-------+-------++-------
Melee: Unarmed           |   103 |   120 |    44 ||   267
       Punch             |     2 |     3 |     1 ||     6
  Use: Scroll            |     4 |     3 |       ||     7
       Potion            |       |       |     2 ||     2
 Stab: Sleeping          |     2 |       |       ||     2
Armor: Robe              |    41 |    28 |    21 ||    90
Dodge: Dodged            |    43 |    70 |    24 ||   137
